[Event "*** Titled Tuesday Blitz"]
[Site "Chess.com"]
[Date "2021.03.09"]
[Round "6"]
[White "Diamantidis_13"]
[Black "GMJustin"]
[Result "1/2-1/2"]
[WhiteElo "2366"]
[BlackElo "2264"]
[TimeControl "180+1"]
[EndTime "11:10:10 PST"]
[Termination "Game drawn by repetition"]

1. d4 Nf6 2. c4 e6 3. g3 d5 4. Bg2 dxc4 5. Nf3 Nc6 6. O-O Rb8 7. e3 b5 8. b3 cxb3 9. axb3 Bd6 10. Bd2 O-O 11.
Ng5 Bb7 12. Qc2 Nb4 13. Bxb4 Bxb4 14. Rxa7 Bxg2 15. Kxg2 Qd5+ 16. Nf3 c5 17. dxc5 Bxc5 18. Rd1 Bxa7 19. Rxd5 Nxd5 20. Nc3 Rbc8 21. Qa2 Rxc3 22.
Qxa7 Rxb3 23. Nd4 Rb2 24. e4 Ne3+ 25. Kf3 Nd1 26. Ne2 b4 27. Qd7 Nc3 28. Nf4 b3 29.
Qd4 Rc2 30. Nh5 f6 31. Qd7 Rf7 32. Qe8+ Rf8 33. Qxe6+ Kh8 34. Qe7 Rg8 35. Nxf6 b2 36. Qf7 gxf6 37. Qxf6+ Rg7 38. Qd8+ Rg8 39. Qd4+ Rg7 40.
Qd8+ Rg8 41. Qd4+ Rg7 42. Qd8+ 1/2-1/2

[Event "*** Titled Tuesday Blitz"]
[Site "Chess.com"]
[Date "2021.03.09"]
[Round "6"]
[White "chessmachine14"]
[Black "Herman-NY"]
[Result "1-0"]
[WhiteElo "2331"]
[BlackElo "2447"]
[TimeControl "180+1"]
[EndTime "11:10:11 PST"]
[Termination "chessmachine14 won by resignation"]

1. e4 e5 2. Nf3 Nc6 3. Bb5 f5 4.
Nc3 fxe4 5. Nxe4 Nf6 6. d3 d5 7. Nxf6+ Qxf6 8. Bg5 Qf5 9. Qd2 Bd6 10. Nh4 Qf7 11.
d4 O-O 12. dxe5 Nxe5 13. O-O h6 14. Be3 g5 15. f4 Ng4 16. fxg5 Bxh2+ 17. Kh1 Qe6 18.
Rxf8+ Kxf8 19. Bc5+ Kg8 20. gxh6 Be5 21. Re1 c6 22.
Qg5+ Kh8 23. Ng6+ Kh7 24. Nf8+ 1-0

[Event "*** Titled Tuesday Blitz"]
[Site "Chess.com"]
[Date "2021.03.09"]
[Round "6"]
[White "PawnEatingZombie"]
[Black "Loy_Konstantin"]
[Result "0-1"]
[WhiteElo "2231"]
[BlackElo "2362"]
[TimeControl "180+1"]
[EndTime "11:10:11 PST"]
[Termination "Loy_Konstantin won on time"]

1. d4 Nf6 2. c4 c5 3. d5 b5 4.
cxb5 a6 5. e3 g6 6. Nc3 Bg7 7.
a4 O-O 8. Nf3 Bb7 9. e4 e6 10.
Be2 axb5 11. Bxb5 exd5 12. exd5 Re8+ 13. Be3 Ng4 14. O-O Rxe3 15. fxe3 Nxe3 16. Qd3 Nxf1 17. Rxf1 d6 18. Ne4 h6 19. b3 Na6 20. Nfd2 Nb4 21.
Qf3 f5 22. Bc6 Bxc6 23. dxc6 fxe4 24. Qf7+ Kh7 25. c7 Qe8 26. Qxe8 Rxe8 27. Nxe4 Bd4+ 28. Kh1 Be5 29. Rf7+ Kg8 30. Rd7 Nc6 31. a5 d5 32.
Nxc5 Bxc7 33. g3 Bxa5 0-1

[Event "*** Titled Tuesday Blitz"]
[Site "Chess.com"]
[Date "2021.03.09"]
[Round "6"]
[White "attack2mateU"]
[Black "aa175"]
[Result "1-0"]
[WhiteElo "2736"]
[BlackElo "2567"]
[TimeControl "180+1"]
[EndTime "11:10:13 PST"]
[Termination "attack2mateU won by resignation"]

1. e4 c5 2. Nf3 d6 3. d4 cxd4 4. Nxd4 Nf6 5. Nc3 a6 6. Be2 e6 7. Be3 b5 8. Bf3 b4 9. e5 dxe5 10. Nc6 Qxd1+ 11. Rxd1 Nbd7 12. Nxb4 e4 13. Nxe4 Bxb4+ 14. c3 Rb8 15. cxb4 Nxe4 16. Bxe4 Rxb4 17. Bc6 Rxb2 18.
O-O Ke7 19. Rd3 Rc2 20. Ba4 Rxa2 21. Bxd7 Bxd7 22. Bc5+ Kf6 23. Rxd7 Rc8 24. Bd4+ Kg6 25. g3 f6 26. Be3 e5 27. Rb1 Rg8 28. g4 Ra4 29. h3 h5 30. f3 hxg4 31. hxg4 Ra3 32. Kf2 Ra2+ 33. Kg3 f5 34. Rb6+ 1-0

[Event "*** Titled Tuesday Blitz"]
[Site "Chess.com"]
[Date "2021.03.09"]
[Round "6"]
[White "crazy_but_lazy"]
[Black "anon102030"]
[Result "0-1"]
[WhiteElo "2506"]
[BlackElo "2691"]
[TimeControl "180+1"]
[EndTime "11:10:15 PST"]
[Termination "anon102030 won by resignation"]

1. d4 Nf6 2. c4 e5 3. dxe5 Ng4 4.
e3 Nxe5 5. f4 Ng6 6. h4 Nxh4 7.
Nc3 d6 8. Qc2 Nf5 9. Bd3 g6 10.
Nf3 Ng3 11. Rh2 Nc6 12. a3 Bg7 13. Bd2 Be6 14. O-O-O h5 15. Bxg6 Bxc4 16. Be1 Nf1 17.
Rxh5 Nxe3 18. Qe4+ Qe7 19. Rxh8+ Bxh8 20. Bh4 Qxe4 21.
Bxe4 Nxd1 22. Kxd1 Bxc3 23. bxc3 Kd7 24. Nd4 Nxd4 25.
cxd4 c6 26. Kd2 b5 27. Bf5+ Be6 28. Bd3 a5 29. f5 Bd5 30. g4 b4 31. axb4 axb4 32. g5 Ra2+ 33. Kc1 Rh2 34. Bg3 Rh3 35. g6 Rxg3 36. gxf7 Bxf7 37. f6 0-1

[Event "*** Titled Tuesday Blitz"]
[Site "Chess.com"]
[Date "2021.03.09"]
[Round "6"]
[White "XanoushX_X"]
[Black "kidagent"]
[Result "0-1"]
[WhiteElo "2440"]
[BlackElo "2324"]
[TimeControl "180+1"]
[EndTime "11:10:15 PST"]
[Termination "kidagent won by checkmate"]

1. d4 d5 2. c4 c6 3. cxd5 cxd5 4. Bf4 Nc6 5. e3 Nf6 6. Nc3 a6 7. Nf3 Bg4 8. Be2 e6 9. h3 Bh5 10. g4 Bg6 11. Rc1 Bd6 12. Ne5 O-O 13. h4 h6 14.
g5 Bxe5 15. dxe5 hxg5 16. exf6 gxf4 17. fxg7 Kxg7 18. h5 Bh7 19. exf4 d4 20. Nb1 d3 21. Bf3 Nd4 22. Nd2 Qa5 23. Kf1 Rac8 24. Be4 Rc2 25. Rxc2 dxc2 26. Qc1 Qb5+ 27. Kg2 Qe2 28. Bxh7 Kxh7 29.
Rf1 Rg8+ 30. Kh3 Qxh5# 0-1

[Event "*** Titled Tuesday Blitz"]
[Site "Chess.com"]
[Date "2021.03.09"]
[Round "6"]
[White "Snegokhod"]
[Black "buhomurciano"]
[Result "1-0"]
[WhiteElo "2551"]
[BlackElo "2237"]
[TimeControl "180+1"]
[EndTime "11:10:15 PST"]
[Termination "Snegokhod won on time"]

1. e4 c5 2. Nf3 d6 3. d4 cxd4 4. Qxd4 Nf6 5. Nc3 g6 6. e5 dxe5 7. Qxd8+ Kxd8 8. Nxe5 Be6 9. Be3 Nbd7 10. O-O-O Kc8 11.
Nxd7 Nxd7 12. Bd4 f6 13. Bb5 a6 14. Ba4 b5 15. Bb3 Bxb3 16. axb3 e5 17. Be3 Bc5 18. Rd5 Bxe3+ 19. fxe3 Kc7 20. Rhd1 Rad8 21. Rd6 Nb6 22. Rxf6 Rxd1+ 23. Kxd1 Rd8+ 24. Ke2 Rd6 25. Rf7+ Rd7 26. Rxd7+ Kxd7 27. Ne4 Kc6 28. Ng5 h5 29. Nf3 Kd5 30. Nh4 g5 31. Nf5 Ke4 32. Ng3+ Kd5 33. Nxh5 e4 34.
h3 Ke5 35. Ng3 Nd5 36. c3 Nb6 37. Nf1 a5 38. Kd2 a4 39. Kc2 Nd5 40. bxa4 1-0

[Event "*** Titled Tuesday Blitz"]
[Site "Chess.com"]
[Date "2021.03.09"]
[Round "6"]
[White "Kostukov_Alex"]
[Black "Bastiandash"]
[Result "0-1"]
[WhiteElo "2317"]
[BlackElo "2469"]
[TimeControl "180+1"]
[EndTime "11:10:16 PST"]
[Termination "Bastiandash won on time"]

1. g3 d5 2. Bg2 c6 3. d3 Nf6 4. e4 dxe4 5. dxe4 Qxd1+ 6. Kxd1 e5 7. f3 Bd6 8. Be3 Ke7 9. Nd2 Nbd7 10. Nc4 Bc7 11.
a4 b6 12. c3 Bb7 13. b4 Rhd8 14. Kc2 Ba6 15. Bf1 Nf8 16. Nxe5 Bxf1 17. Nxc6+ Kd7 18. Nxd8 Bg2 19. Rd1+ Ke8 20. Nc6 Bxh1 21. Kd2 Ng6 22. Ke2 Nd7 23. Kf2 Nde5 24. Nd4 Rd8 25. Nh3 Bxf3 26. Re1 Nd3+ 27. Kxf3 Nxe1+ 28. Ke2 Ng2 29. Ng5 Nxe3 30. Kxe3 h6 31. Ngf3 Be5 32. Nf5 Bxc3 33. h4 Kf8 0-1

[Event "*** Titled Tuesday Blitz"]
[Site "Chess.com"]
[Date "2021.03.09"]
[Round "6"]
[White "eduardoperalta"]
[Black "enriquebutti"]
[Result "1-0"]
[WhiteElo "2535"]
[BlackElo "2222"]
[TimeControl "180+1"]
[EndTime "11:10:18 PST"]
[Termination "eduardoperalta won by resignation"]

1. d4 Nf6 2. c4 e6 3. Nf3 b6 4.
g3 Ba6 5. Qc2 c5 6. d5 exd5 7.
cxd5 Bb7 8. Bg2 d6 9. Nc3 g6 10. O-O Bg7 11. e4 Kf8 12. a4 a6 13. Bg5 h6 14.
Bf4 Nh5 15. Be3 Nd7 16. Rad1 Kg8 17. h3 Kh7 18. Rfe1 Re8 19. Kh2 Nhf6 20. Nd2 Ng8 21. f4 Qb8 22. Nc4 Ngf6 23. Bc1 Bf8 24. g4 Bc8 25. e5 dxe5 26. d6 exf4 27. Bxf4 Bb7 28. Rf1 b5 29. axb5 axb5 30. Ne3 b4 31. Bxb7 Qxb7 32.
Ncd5 Bg7 33. Nc7 Rac8 34. Nxe8 Rxe8 35. Nc4 Ne4 36. Rde1 Ndf6 37. Qd3 Qd7 38. Be5 1-0

[Event "*** Titled Tuesday Blitz"]
[Site "Chess.com"]
[Date "2021.03.09"]
[Round "6"]
[White "PotapovaM"]
[Black "Reader777"]
[Result "0-1"]
[WhiteElo "2520"]
[BlackElo "2800"]
[TimeControl "180+1"]
[EndTime "11:10:19 PST"]
[Termination "Reader777 won by resignation"]

1. d4 Nf6 2. c4 e6 3. Nc3 Bb4 4. Qc2 d5 5. cxd5 exd5 6. Bg5 O-O 7. e3 h6 8. Bh4 c5 9. dxc5 Be6 10. Nf3 Nbd7 11. Be2 Rc8 12. O-O Nxc5 13. Bg3 Nce4 14. Be5 Nxc3 15. bxc3 Ne4 16. c4 Bd6 17. Bxd6 Nxd6 18.
Qb2 dxc4 19. Rfd1 Qe7 20. Rac1 Rfd8 21. Nd4 Bd5 22. Nc2 Qg5 23. f3 Nf5 24. e4 Ne3 25.
Nxe3 Qxe3+ 26. Kh1 c3 27. Qc2 Be6 28. Bf1 Rd2 29.
Qa4 c2 30. Re1 Qxe1 31. Rxe1 c1=Q 32. Rxc1 Rxc1 33. h3 Rxf1+ 34. Kh2 Rff2 35. Qe8+ Kh7 36. h4 Rxg2+ 37. Kh1 Rge2 0-1

[Event "*** Titled Tuesday Blitz"]
[Site "Chess.com"]
[Date "2021.03.09"]
[Round "6"]
[White "Kaslask"]
[Black "lider34"]
[Result "1-0"]
[WhiteElo "2347"]
[BlackElo "2455"]
[TimeControl "180+1"]
[EndTime "11:10:21 PST"]
[Termination "Kaslask won by resignation"]

1. d4 Nf6 2. c4 g6 3. Nc3 Bg7 4. e4 d6 5. Be2 O-O 6. Be3 c5 7. d5 b5 8. cxb5 a6 9. f3 axb5 10. Bxb5 Ba6 11. Qd2 Qa5 12. Bxa6 Rxa6 13. Nge2 Nbd7 14. O-O Rb8 15. a4 Ne5 16. Nb5 Nc4 17.
Qxa5 Rxa5 18. Bg5 Nxb2 19. Rab1 Nxa4 20. Nxd6 Rxb1 21. Rxb1 h6 22. Nc4 Ra8 23. Be3 Ne8 24. e5 Nc7 25. d6 exd6 26. exd6 Nd5 27. Bf2 Nac3 28. Nxc3 Nxc3 29. Re1 Bd4 30. d7 Kg7 31. Bxd4+ cxd4 32. Re8 Ra1+ 33. Kf2 Ra2+ 34. Ke1 Ra1+ 35. Kd2 Rd1+ 36. Kc2 d3+ 37. Kxc3 1-0

[Event "*** Titled Tuesday Blitz"]
[Site "Chess.com"]
[Date "2021.03.09"]
[Round "6"]
[White "seorobert1971"]
[Black "Eltaj_Safarli"]
[Result "1/2-1/2"]
[WhiteElo "2739"]
[BlackElo "2899"]
[TimeControl "180+1"]
[EndTime "11:10:23 PST"]
[Termination "Game drawn by repetition"]

1. d4 Nf6 2. Nf3 g6 3. c4 Bg7 4.
Nc3 d5 5. Bg5 Ne4 6. cxd5 Nxc3 7.
bxc3 Qxd5 8. e3 Qa5 9. Qb3 h6 10. Bh4 c5 11. Bb5+ Nc6 12. O-O g5 13. Bg3 O-O 14.
Bxc6 bxc6 15. Ne5 Qa6 16. Rfd1 Be6 17. Qc2 Rfd8 18. Nd3 Bf5 19. Qd2 Bxd3 20. Qxd3 Qxd3 21. Rxd3 cxd4 22. cxd4 c5 23. Rad1 cxd4 24. exd4 Rd5 25.
Be5 Bxe5 26. dxe5 Rxe5 27. Kf1 Kg7 28. Re1 Rxe1+ 29. Kxe1 Rb8 30. Rd7 Rb1+ 31. Ke2 Rb2+ 32. Kf3 Rxa2 33. Rxe7 a5 34. g4 Ra4 35. Ra7 Rf4+ 36. Kg3 a4 37. h4 Kf8 38. Ra6 f6 39.
Ra7 Ke8 40. Rh7 Kf8 41. Rxh6 Kg7 42. hxg5 fxg5 43. Ra6 Rb4 44. f3 Kf7 45. Ra5 Kf6 46. Ra6+ Kf7 47. Ra5 Kf6 48. Ra6+ Kf7 1/2-1/2

[Event "*** Titled Tuesday Blitz"]
[Site "Chess.com"]
[Date "2021.03.09"]
[Round "6"]
[White "Margency"]
[Black "Msb2"]
[Result "0-1"]
[WhiteElo "2704"]
[BlackElo "2909"]
[TimeControl "180+1"]
[EndTime "11:10:23 PST"]
[Termination "Msb2 won by checkmate"]

1. e4 e6 2. d4 d5 3. exd5 exd5 4. c4 Bb4+ 5. Nc3 Ne7 6. Bd3 dxc4 7. Bxc4 O-O 8. Nf3 Nd5 9. O-O Bxc3 10. bxc3 Nc6 11. Qd3 h6 12. Bb3 Bg4 13. Re1 Qd6 14. Ne5 Be6 15.
f4 f6 16. Bc2 f5 17. Bd2 Nb6 18. Re2 Nxe5 19. Rxe5 Nc4 20. Re2 Bd5 21. Rae1 b5 22.
Bc1 a5 23. Qh3 Qf6 24. Re7 Nd6 25. Ba3 b4 26. cxb4 axb4 27. Bxb4 Qxd4+ 28. Kh1 Qxb4 29. Qg3 Rf7 30. Bb3 Bxb3 31. axb3 Rxe7 32. Rxe7 Ra1+ 33. Re1 Rxe1+ 34. Qxe1 Qxe1# 0-1

[Event "*** Titled Tuesday Blitz"]
[Site "Chess.com"]
[Date "2021.03.09"]
[Round "6"]
[White "Vesper2018"]
[Black "Cambek64"]
[Result "0-1"]
[WhiteElo "2578"]
[BlackElo "2420"]
[TimeControl "180+1"]
[EndTime "11:10:23 PST"]
[Termination "Cambek64 won by resignation"]

1. e4 e6 2. d4 d5 3. e5 c5 4. c3 Nc6 5. Nf3 Bd7 6. Be2 Rc8 7. O-O cxd4 8. cxd4 Nge7 9. b3 Nf5 10. Bb2 Qb6 11.
g4 Nfe7 12. Qd2 h5 13. h3 Ng6 14. g5 Bb4 15. Nc3 Nce7 16. a3 Bxc3 17. Bxc3 Bb5 18.
Ba5 Qa6 19. Bxb5+ Qxb5 20. Rfc1 O-O 21. Bb4 a5 22. Bxa5 Qxb3 23. Bc3 Qa4 24. Rab1 Qxa3 25. Rxb7 Nf5 26. Qb2 Qa6 27. Rb5 Rc4 28. Ra1 Qc8 29. Rb3 Nf4 30. Qd2 Rxc3 31. Rxc3 Qxc3 32. Qxc3 Ne2+ 33.
Kf1 Nxc3 34. Ra3 Nb5 35. Ra4 g6 36. Rb4 Na7 37. Rb7 Nc6 0-1

[Event "*** Titled Tuesday Blitz"]
[Site "Chess.com"]
[Date "2021.03.09"]
[Round "6"]
[White "HrvojeZagreb"]
[Black "boasovietica"]
[Result "0-1"]
[WhiteElo "2269"]
[BlackElo "2442"]
[TimeControl "180+1"]
[EndTime "11:10:23 PST"]
[Termination "boasovietica won by checkmate"]

1. d4 Nf6 2. Bf4 g6 3. Nc3 Bg7 4. e4 O-O 5. Qd2 c5 6. d5 d6 7. O-O-O b5 8. f3 b4 9. Nb1 Nbd7 10. Bh6 Bh8 11. Bxf8 Kxf8 12. g4 Rb8 13. g5 Nh5 14. f4 Qa5 15. a3 Bxb2+ 16. Kxb2 bxa3+ 17. Ka1 Rxb1+ 18. Ka2 Rb2+ 19. Ka1 Rb1+ 20. Ka2 Qxd2 21. Rxd2 Rxf1 22. f5 Ne5 23. fxg6 hxg6 24. h4 Ng3 25.
Rhh2 Rxg1 26. Rhg2 Rxg2 27. Rxg2 Nxe4 28. Kxa3 Ba6 29. Ka4 Bc4 30. Rh2 Bxd5 31. h5 gxh5 32. Rxh5 Nc3+ 33. Ka5 Bb7 34. Rh8+ Kg7 35. Rb8 Nc4# 0-1

[Event "*** Titled Tuesday Blitz"]
[Site "Chess.com"]
[Date "2021.03.09"]
[Round "6"]
[White "Barbus89"]
[Black "catzapto"]
[Result "1-0"]
[WhiteElo "2257"]
[BlackElo "2097"]
[TimeControl "180+1"]
[EndTime "11:10:23 PST"]
[Termination "Barbus89 won by resignation"]

1. Nf3 c5 2. g3 Nf6 3. Bg2 e6 4. O-O d5 5. d4 Nc6 6. c4 cxd4 7. Nxd4 Bc5 8. Nb3 Bb6 9. cxd5 Nxd5 10. e4 Nf6 11. Nc3 Qxd1 12. Rxd1 O-O 13. Bg5 Ng4 14. Rd2 f6 15. Bf4 e5 16. Be3 Nxe3 17. fxe3 Bxe3+ 18. Rf2 Nd4 19. Nd5 Bd7 20. Nxe3 Nxb3 21. axb3 Be6 22. Nd5 Rfd8 23. Rc1 f5 24. Ne7+ Kf7 25. Nxf5 Bxf5 26. exf5 Rd3 27. Bf1 Rd7 28. Bc4+ Kf6 29. Be6 Rd3 30.
Kg2 Rad8 31. h4 g6 32. Rc7 gxf5 33. Bxf5 Rd2 34. Bxh7+ Rxf2+ 35. Kxf2 Rd2+ 36. Kf3 Rxb2 37. Rxb7 a5 38. Bg8 a4 39. Ra7 axb3 40. Rb7 Kf5 41.
Rxb3 e4+ 42. Ke3 Rg2 43. Bh7+ Kg4 44. Kxe4 Re2+ 45. Kd5 Re7 46. Be4 Rf7 47. Ke6 Rf2 48. Bf5+ Kh5 49. Rb8 Kh6 50. Kf6 Rxf5+ 51. Kxf5 Kg7 52. g4 Kh6 53. g5+ Kg7 54. Rb7+ Kg8 55. Kf6 Kh8 56. Kg6 1-0

[Event "*** Titled Tuesday Blitz"]
[Site "Chess.com"]
[Date "2021.03.09"]
[Round "6"]
[White "mbojan"]
[Black "marianokar"]
[Result "1-0"]
[WhiteElo "2630"]
[BlackElo "2480"]
[TimeControl "180+1"]
[EndTime "11:10:24 PST"]
[Termination "mbojan won by resignation"]

1. g3 d5 2. Bg2 e6 3. d3 Nf6 4. Nd2 Be7 5. e4 O-O 6. Nh3 c5 7. O-O Nc6 8. f4 b5 9. Nf2 Bb7 10. e5 Nd7 11. c4 bxc4 12. dxc4 Nb6 13. cxd5 exd5 14. Nf3 Re8 15. h4 Bf8 16. g4 Qd7 17.
g5 Rad8 18. h5 Qc7 19. Ng4 Bc8 20. Nh4 d4 21. g6 hxg6 22. hxg6 Nd5 23. Qf3 fxg6 24.
Nxg6 Qf7 25. f5 Bxf5 26. Qxf5 Qxf5 27. Rxf5 Ncb4 28. Bg5 Rd7 29. a3 Nc2 30. e6 Rxe6 31. Nxf8 1-0

[Event "*** Titled Tuesday Blitz"]
[Site "Chess.com"]
[Date "2021.03.09"]
[Round "6"]
[White "Shuvalov"]
[Black "Guzman70"]
[Result "1-0"]
[WhiteElo "2517"]
[BlackElo "2344"]
[TimeControl "180+1"]
[EndTime "11:10:24 PST"]
[Termination "Shuvalov won on time"]

1. b4 e5 2. Bb2 Bxb4 3. Bxe5 Nf6 4. Nc3 Nc6 5. Bxf6 Qxf6 6. Nd5 Qd8 7. e4 O-O 8. Bd3 Ba5 9. Nf3 d6 10. O-O Ne5 11.
Be2 Re8 12. d4 Nxf3+ 13. Bxf3 c6 14. Ne3 Bb6 15. c3 Qg5 16. Re1 Bd7 17. a4 Bc7 18. Qb1 Rab8 19. Ra2 h5 20. Rb2 b6 21. Rbe2 h4 22. Nc4 Re6 23. e5 d5 24. Ne3 Rg6 25.
Kh1 Be6 26. h3 Qf4 27. Bg4 Rd8 28. Bxe6 Rxe6 29. Ng4 c5 30. Qd1 a6 31. Re3 cxd4 32.
cxd4 b5 33. axb5 axb5 34. Rf3 Qg5 35. Rb3 Ba5 36. Re2 Rb8 37. Ra2 Bc7 38. Rab2 Reb6 39. Qf3 1-0

[Event "*** Titled Tuesday Blitz"]
[Site "Chess.com"]
[Date "2021.03.09"]
[Round "6"]
[White "Grandmaster2B"]
[Black "GoltsevDmitry2000"]
[Result "1-0"]
[WhiteElo "2561"]
[BlackElo "2702"]
[TimeControl "180+1"]
[EndTime "11:10:26 PST"]
[Termination "Grandmaster2B won by resignation"]

1. e4 c5 2. Nf3 e6 3. d4 cxd4 4. Nxd4 a6 5. c4 Qc7 6. Nc3 Nf6 7. a3 Nc6 8. Be3 Bd6 9. g3 h5 10. Be2 Ne5 11. Rc1 b6 12. Qd2 Bb7 13. Ndb5 axb5 14.
Nxb5 Qc6 15. Qxd6 Neg4 16. Nc7+ Kd8 17. Qxc6 Bxc6 18. Nxa8 Nxe3 19. Nxb6 Bxe4 20. Rg1 Nf5 21. f3 Bc6 22. Kf2 Nd4 23. Rgd1 Nb3 24. Rc3 Nc5 25. b4 Nce4+ 26. fxe4 Nxe4+ 27. Ke3 Nxc3 28. Rd3 Nxe2 29. b5 Kc7 30. bxc6 dxc6 31. Na4 Ng1 32. c5 Nh3 33. Nb6 Rd8 34. Rxd8 Kxd8 35. Nc4 f6 36. a4 Kc7 37. Nd6 e5 38. Ne8+ Kb7 39. Nxg7 Ka6 40. Nxh5 f5 41. Ng7 f4+ 42. gxf4 Nxf4 43. h4 Ng2+ 44. Ke4 Nxh4 45. Kxe5 Nf3+ 46. Kd6 Nd4 47.
Ne6 Nb3 48. Kxc6 Nd2 49. Kd5 Nb1 50. c6 Nc3+ 51. Kd6 Nxa4 52. Nc5+ Nxc5 53. Kxc5 Ka7 54. Kd6 1-0

[Event "*** Titled Tuesday Blitz"]
[Site "Chess.com"]
[Date "2021.03.09"]
[Round "6"]
[White "SF-96"]
[Black "Rozhkov_V"]
[Result "1-0"]
[WhiteElo "2537"]
[BlackElo "2373"]
[TimeControl "180+1"]
[EndTime "11:10:27 PST"]
[Termination "SF-96 won on time"]

1. e4 c5 2. Nf3 d6 3. d4 cxd4 4. Nxd4 Nf6 5. Nc3 Nc6 6. f3 e5 7.
Nb3 Be7 8. Be3 Be6 9. Qd2 O-O 10. Nd5 a5 11. Bb6 Qd7 12. Nxe7+ Qxe7 13. Nxa5 d5 14. exd5 Nxd5 15. Nxc6 bxc6 16. Bf2 Rfb8 17. b3 Qf6 18. Bc4 Nf4 19. Bxe6 Qxe6 20. O-O Rd8 21. Qe3 Qg6 22.
g3 Nh3+ 23. Kg2 Nf4+ 24. Kh1 Nd5 25. Qc5 f6 26. Qxc6 1-0

[Event "*** Titled Tuesday Blitz"]
[Site "Chess.com"]
[Date "2021.03.09"]
[Round "6"]
[White "Aleksey_Sorokin"]
[Black "Anna_ChessMate"]
[Result "0-1"]
[WhiteElo "2769"]
[BlackElo "2585"]
[TimeControl "180+1"]
[EndTime "11:10:28 PST"]
[Termination "Anna_ChessMate won by resignation"]

1. d4 d5 2. c4 c6 3. Nf3 Nf6 4. e3 Bg4 5. Nc3 e6 6. h3 Bxf3 7. gxf3 Nbd7 8. Rg1 g6 9. e4 Bg7 10. Bg5 Qa5 11. Qd2 O-O 12. O-O-O dxc4 13. Bxc4 b5 14.
Bb3 b4 15. Ne2 c5 16. Kb1 Rac8 17. e5 Nh5 18. Rc1 cxd4 19. f4 Nc5 20. Nxd4 Nxb3 21. Nxb3 Qb6 22. Be7 Rfe8 23. Qd7 Qb8 24. Bd6 Qa8 25.
Rxc8 Rxc8 26. Bxb4 Nxf4 27. a3 Bxe5 28. Ka2 Rc2 29. Nd4 Rxf2 30. Rc1 Qd5+ 31. Qxd5 Nxd5 32. Rc8+ Kg7 33. Bc5 Rd2 34. Nf3 Rxb2+ 35. Ka1 Rb8+ 36. Nxe5 Rxc8 37. Bd4 f6 0-1

[Event "*** Titled Tuesday Blitz"]
[Site "Chess.com"]
[Date "2021.03.09"]
[Round "6"]
[White "dropstoneDP"]
[Black "stoleriu"]
[Result "1-0"]
[WhiteElo "2894"]
[BlackElo "2606"]
[TimeControl "180+1"]
[EndTime "11:10:28 PST"]
[Termination "dropstoneDP won by resignation"]

1. e4 e6 2. d4 d5 3. Nc3 Bb4 4. e5 c5 5. a3 Bxc3+ 6. bxc3 Qc7 7. h4 Ne7 8. h5 h6 9. Rb1 b6 10.
Bb5+ Bd7 11. Bd3 Nbc6 12. Qg4 Kf8 13. Nf3 Na5 14. O-O Ba4 15. dxc5 Nc4 16. cxb6 axb6 17. Bxc4 Qxc4 18. Qxc4 dxc4 19. Rxb6 Nd5 20. Rb2 Nxc3 21. Be3 Nd5 22. Bc5+ Kg8 23. Nd4 c3 24. Rb7 Nf4 25.
Rfb1 Nxh5 26. g3 g5 27. Rc7 Ng7 28. Rbb7 Be8 29. Be7 Ra4 30. Nb5 Bxb5 31. Rxb5 Kh7 32. Bb4 Kg6 33. Rbb7 Rd8 34. g4 Rd4 35. f3 h5 36. Rxf7 hxg4 37. Rxg7+ Kf5 38. Rbf7+ Kxe5 39. Bxc3 gxf3 40. Rxf3 1-0

[Event "*** Titled Tuesday Blitz"]
[Site "Chess.com"]
[Date "2021.03.09"]
[Round "6"]
[White "JiiHart"]
[Black "Andrakhanova"]
[Result "0-1"]
[WhiteElo "2062"]
[BlackElo "2274"]
[TimeControl "180+1"]
[EndTime "11:10:28 PST"]
[Termination "Andrakhanova won by resignation"]

1. e4 c5 2. Nf3 e6 3. d4 cxd4 4. Nxd4 Nf6 5. Nc3 Nc6 6. g3 Bb4 7. Bg2 O-O 8. O-O d5 9. exd5 Nxd5 10. Nxc6 bxc6 11. Ne4 Ba6 12. c3 Bxf1 13. Qxf1 Be7 14. c4 Nb6 15. b3 Qc7 16. Bb2 Rad8 17. Qe2 e5 18. h4 f5 19. Ng5 Bxg5 20. hxg5 e4 21.
g4 Qf4 22. gxf5 Qxf5 23. Qxe4 Qxf2+ 24. Kh1 Qxb2 25. Re1 Qd4 26. Qe6+ Kh8 27. Be4 Qf2 28. Bf5 Qh4+ 29. Kg1 Qxg5+ 30. Kh1 Qxf5 0-1

[Event "*** Titled Tuesday Blitz"]
[Site "Chess.com"]
[Date "2021.03.09"]
[Round "6"]
[White "Pelopidass"]
[Black "lamomiablanca"]
[Result "0-1"]
[WhiteElo "2559"]
[BlackElo "2412"]
[TimeControl "180+1"]
[EndTime "11:10:30 PST"]
[Termination "lamomiablanca won by resignation"]

1. d4 Nf6 2. Nf3 g6 3. g3 Bg7 4. Bg2 O-O 5. O-O d5 6. c4 c6 7. cxd5 cxd5 8. Nc3 Ne4 9. Nxe4 dxe4 10. Ne5 Bf5 11.
b3 Nc6 12. Bb2 Nxe5 13. dxe5 Qa5 14. Qe1 Qb5 15. Rd1 Bxe5 16. Bxe5 Qxe5 17. Qb4 b6 18.
Rd4 a5 19. Qd2 Rac8 20. g4 Bxg4 21. Rxe4 Qh5 22. Rxe7 Rc5 23. Re3 Rfc8 24. h3 Be6 25.
Rd1 Rc2 26. Qd6 Rxe2 27. Bf3 Qg5+ 28. Kh2 Rxf2+ 29. Kh1 Qxe3 0-1

[Event "*** Titled Tuesday Blitz"]
[Site "Chess.com"]
[Date "2021.03.09"]
[Round "6"]
[White "halldorgretar"]
[Black "Slovak_fighter2000"]
[Result "0-1"]
[WhiteElo "2245"]
[BlackElo "2425"]
[TimeControl "180+1"]
[EndTime "11:10:30 PST"]
[Termination "Slovak_fighter2000 won on time"]

1. d4 Nf6 2. c4 c5 3. d5 b5 4. cxb5 a6 5. b6 d6 6. Nc3 g6 7. e4 Bg7 8. a4 Qxb6 9. a5 Qc7 10. Bd3 O-O 11. h3 Nbd7 12. Nf3 Rb8 13. O-O c4 14. Be2 Nc5 15. Nd2 Nb3 16. Ra4 Nxa5 17. Nxc4 Nxc4 18. Rxc4 Qb7 19. Bd3 Nd7 20. Bb1 Nc5 21. Re1 Nb3 22. Bg5 Na5 23. Ra4 Qxb2 24. Ne2 Nb3 25. Bxe7 Nc5 26.
Ra2 Qe5 27. Bxf8 Bxf8 28. Nd4 Rxb1 29. Qxb1 Qxd4 30. Qb8 Bd7 31. e5 Qxd5 32. Rae2 Bc6 33. f3 Nd3 34. Rd1 Qc5+ 35. Kh2 Nf4 36. exd6 Nxe2 37.
d7 Bxd7 38. Rxd7 Kg7 39. Qb2+ Nc3 0-1

[Event "*** Titled Tuesday Blitz"]
[Site "Chess.com"]
[Date "2021.03.09"]
[Round "6"]
[White "kingofthenil"]
[Black "PetrolulSah"]
[Result "1-0"]
[WhiteElo "2775"]
[BlackElo "2211"]
[TimeControl "180+1"]
[EndTime "11:10:31 PST"]
[Termination "kingofthenil won on time"]

1. e4 e5 2. Nf3 Nc6 3. Bc4 Bc5 4. c3 Nf6 5. d3 O-O 6. Bb3 d6 7. Bg5 h6 8. Bh4 Be6 9. Nbd2 Qd7 10. Bxf6 gxf6 11. Nh4 Ne7 12. Qh5 Kh7 13. h3 Rg8 14.
Ndf3 Ng6 15. g3 Ne7 16. Ke2 Rg7 17. Bxe6 fxe6 18. g4 Ng6 19. Nxg6 Rxg6 20. h4 Rag8 21. g5 f5 22. Rag1 fxe4 23. dxe4 Qf7 24. gxh6 Qf4 25.
Ng5+ Kh8 26. Qf3 d5 27. Qxf4 exf4 28. Rg4 Rf8 29. Nf7+ Kh7 30. Ng5+ Kh8 31. Rhg1 f3+ 32. Nxf3 Rxg4 33. Rxg4 1-0

[Event "*** Titled Tuesday Blitz"]
[Site "Chess.com"]
[Date "2021.03.09"]
[Round "6"]
[White "paulrusan"]
[Black "Omk124"]
[Result "0-1"]
[WhiteElo "2311"]
[BlackElo "2456"]
[TimeControl "180+1"]
[EndTime "11:10:31 PST"]
[Termination "Omk124 won by resignation"]

1. e4 c5 2. b4 cxb4 3. Bb2 Nc6 4. d4 d5 5. exd5 Qxd5 6. c4 bxc3 7. Nxc3 Qxd4 8.
Nd5 Qe4+ 9. Be2 Bd7 10. Nc7+ Kd8 11. Nxa8 Qxg2 12. Bf3 Qg5 13. Ne2 e6 14. Rg1 Qa5+ 15.
Kf1 Nf6 16. Rc1 Bc5 17. Rxg7 Ke7 18. Nc7 Rd8 19. Qb3 Bb4 20. a3 Bd2 21. Nb5 Bxc1 22. Bxc1 Ne5 23. Ned4 Bxb5+ 24. Nxb5 Nxf3 25. Qxf3 Qxb5+ 26. Kg2 Qd5 27. Bg5 Qxf3+ 28. Kxf3 Rd3+ 29. Ke2 Rxa3 30. Rxh7 Ra5 31. f4 Rxg5 32. Rh8 Rb5 33. Kf3 a5 34. h4 a4 35. Ra8 Rb3+ 36. Kg2 a3 37. Ra5 Nd5 38. h5 Nxf4+ 39. Kf2 Nxh5 0-1